 Dungeon Crawl Stone Soup version 0.25-a0-707-g603da07 (webtiles) character file.

Game seed: 9866626820482700798, levelgen mode: deterministic

5429 BlueFish the Carver (level 10, -14/91 HPs)
             Began as a Minotaur Fighter on Apr 4, 2020.
             Was a Follower of Yredelemnul.
             Demolished by a death yak (16 damage)
             ... on level 8 of the Dungeon.
             The game lasted 00:14:09 (7180 turns).

BlueFish the Carver (Minotaur Fighter)              Turns: 7180, Time: 00:14:10

Health: -14/91     AC: 14    Str: 21    XL:     10   Next: 40%
Magic:  11/11      EV: 12    Int:  5    God:    Yredelemnul [*.....]
Gold:   515        SH:  0    Dex: 13    Spells: 9/9 levels left

rFire    . . .     SeeInvis .   s - +2 falchion (elec)
rCold    + . .     Gourm    .   (no shield)
rNeg     . . .     Faith    .   d - +3 scale mail {rPois}
rPois    +         Spirit   .   (helmet restricted)
rElec    .         Reflect  .   (no cloak)
rCorr    .         Harm     .   o - +1 pair of gloves
MR       +....                  (no boots)
Stlth    ..........             (no amulet)
HPRegen  0.25/turn              n - ring of protection from magic
MPRegen  0.12/turn              p - ring of protection from cold

@: no status effects
A: retaliatory headbutt, horns 2
a: Animate Remains, Renounce Religion


You were on level 8 of the Dungeon.
You worshipped Yredelemnul.
Yredelemnul was aware of your devotion.
You were very hungry.

You visited 2 branches of the dungeon, and saw 10 of its levels.

You collected 515 gold pieces.

Inventory:

Hand Weapons
 a - a +0 long sword of flaming
 r - a +0 dagger of venom
 s - a +2 falchion of electrocution (weapon)
 v - a +1 dagger of draining
Missiles
 w - 3 silver boomerangs (quivered)
Armour
 c - a +0 kite shield
 d - a +3 scale mail of poison resistance (worn)
 o - a +1 pair of gloves (worn)
Jewellery
 n - a ring of protection from magic (left hand)
 p - a ring of protection from cold (right hand)
Wands
 l - a wand of flame (51)
 m - a wand of scattershot (5)
 u - a wand of random effects (9)
 y - a wand of iceblast (10)
 C - a wand of disintegration (14)
Scrolls
 e - 6 scrolls of remove curse
 j - a scroll of amnesia
 t - 2 scrolls of teleportation
Potions
 b - a potion of mutation {unknown}
 g - a potion of flight
 k - 3 potions of curing
 q - 2 potions of lignification
 x - 5 potions of brilliance {unknown}
 z - 3 potions of heal wounds {unknown}
 B - 2 potions of stabbing {unknown}
Comestibles
 f - 18 rations


   Skills:
 * Level 9.2 Fighting
 * Level 12.5 Long Blades
 * Level 9.6 Armour
 + Level 3.6 Dodging
 + Level 3.9 Shields
 * Level 2.7 Invocations


You had 9 spell levels left.
You didn't know any spells.
Your spell library contained the following spells:

 Spells                   Type           Power        Failure   Level  Hunger
 Magic Dart               Conj           #...         77%         1    ##.....
 Searing Ray              Conj           #.....       88%         2    ###....
 Dazzling Flash           Conj/Hex       #.....       98%         3    ####...
 Fulminant Prism          Conj/Hex       #.........   100%        4    #####..
 Iskenderun's Mystic Bla  Conj/Tloc      #.......     100%        4    #####..


Dungeon Overview and Level Annotations

Branches:
Dungeon (9/15)             Temple (1/1) D:7            Lair (0/6) D:9
    Orc: D:9-12

Altars:
Ashenzari
Cheibriados
Dithmenos
Elyvilon
Fedhas
Gozag
Hepliaklqana
Kikubaaqudgha
Makhleb
Nemelex Xobeh
Okawaru
Qazlal
Trog
Uskayaw
Vehumet
Wu Jian
Xom
Yredelemnul
Zin

Shops:
D:5 :   D:7 %


Innate Abilities, Weirdness & Mutations

You reflexively headbutt those who attack you in melee.
You have a pair of horns on your head.


Message History

You hit the death yak but do no damage.
The death yak is moderately wounded.
The death yak gores you!
* * * LOW HITPOINT WARNING * * *
You slash the death yak!
Lightning courses through the death yak!!
The death yak is heavily wounded.
The death yak gores you.
* * * LOW HITPOINT WARNING * * *
Okay, then.
As you read the scroll of fear, it crumbles to dust.
You assume a fearsome visage.
The death yak resists with almost no effort.
The freed slave looks frightened!
The freed slave shouts!
The freed slave looks frightened!
The freed slave shouts!
The death yak gores you!
You die...
Your body rises from the dead as a mindless zombie.

............................#.#
....[..........p.............##
...................#.........####
#...#..............#..........#.#
#................................
......#.##.......................
......####....................###
........#.......##.##........##
................@.............#
....)##.....<..Y..##..........###
##...##.#..p......##.###........#
.#.......=..#......#.# ##........
.##........###.......###.........
..........#####........#.........
.................................
....##...........................
..#..#...........................


You could see a death yak and 2 freed slaves.

Vanquished Creatures
  A two-headed ogre (D:8)
  2 death yaks (D:9)
  Pikel (D:8)
  The ghost of YayAnonymity the Skirmisher, an amateur DsFi (D:4)
  Sigmund (D:5)
  Edmund (D:5)
  Duvessa (D:4)
  A water moccasin (D:8)
  2 sky beasts
  2 orc warriors
  An ice beast (D:9)
  3 ogres
  A phantom (D:7)
  3 bullfrogs
  Dowan (D:4)
  7 wights
  3 howler monkeys (D:7)
  A crimson imp (D:7)
  A quasit (D:5)
  A hound (D:5)
  7 orc wizards
  5 orc priests
  A bullfrog skeleton (D:4)
  A centaur skeleton (D:6)
  2 iguanas
  Terence (D:2)
  4 worker ants
  A hound skeleton (D:4)
  A howler monkey skeleton (D:8)
  A river rat (D:9)
  10 adders
  A shadow imp (D:6)
  2 oozes
  An adder zombie (D:6)
  6 worms
  2 dart slugs (D:2)
  4 leopard geckos
  25 orcs
  2 ball pythons
  3 giant cockroaches
  4 goblins
  8 hobgoblins
  6 jackals
  2 quokkas
  5 bats
  6 frilled lizards
  5 kobolds
  8 rats
159 creatures vanquished.

Vanquished Creatures (others)
  A plant (D:3)
1 creature vanquished.

Grand Total: 160 creatures vanquished

Notes
Turn   | Place    | Note
-------+----------+-------------------------------------------
     0 | D:1      | BlueFish the Minotaur Fighter began the quest for the Orb.
     0 | D:1      | Reached XP level 1. HP: 19/19 MP: 0/0
   355 | D:1      | Reached XP level 2. HP: 27/27 MP: 1/1
   989 | D:2      | Reached XP level 3. HP: 34/34 MP: 2/2
   998 | D:2      | Noticed Terence
  1016 | D:2      | Killed Terence
  1016 | D:2      | Reached skill level 3 in Long Blades
  1289 | D:2      | Found a shadowy altar of Dithmenos.
  1356 | D:2      | Reached XP level 4. HP: 27/41 MP: 3/3
  2525 | D:3      | Reached skill level 5 in Armour
  2527 | D:3      | Reached XP level 5. HP: 29/47 MP: 4/4
  3066 | D:4      | Reached skill level 4 in Long Blades
  3066 | D:4      | Reached skill level 1 in Dodging
  3177 | D:4      | Noticed an ogre
  3183 | D:4      | Killed an ogre
  3183 | D:4      | Reached skill level 5 in Fighting
  3183 | D:4      | Reached XP level 6. HP: 56/56 MP: 5/5
  3372 | D:4      | Noticed Duvessa
  3372 | D:4      | Noticed Dowan
  3380 | D:4      | Killed Duvessa
  3380 | D:4      | Reached skill level 5 in Long Blades
  3382 | D:4      | Killed Dowan
  3704 | D:4      | Found a runed translucent door.
  3704 | D:4      | Noticed YayAnonymity's ghost (amateur DsFi)
  3721 | D:4      | Killed YayAnonymity's ghost
  3721 | D:4      | Reached skill level 6 in Long Blades
  3721 | D:4      | Reached XP level 7. HP: 62/62 MP: 6/6
  3927 | D:5      | Entered Level 5 of the Dungeon
  3968 | D:5      | Found Tinaor's Book Shoppe.
  3977 | D:5      | Reached skill level 7 in Long Blades
  4035 | D:5      | Found a snail-covered altar of Cheibriados.
  4065 | D:5      | Noticed Edmund
  4074 | D:5      | Killed Edmund
  4277 | D:5      | Noticed Sigmund
  4283 | D:5      | Killed Sigmund
  4283 | D:5      | Reached XP level 8. HP: 65/70 MP: 7/7
  4355 | D:5      | Reached skill level 8 in Long Blades
  4840 | D:6      | Found a hide-covered altar of Uskayaw.
  4922 | D:6      | Reached skill level 9 in Long Blades
  5127 | D:6      | Found a blossoming altar of Fedhas.
  5165 | D:6      | Noticed a +0 dagger
  5165 | D:6      | Noticed a +0 dagger
  5510 | D:7      | Reached XP level 9. HP: 73/79 MP: 8/8
  5581 | D:7      | Found a burning altar of Makhleb.
  5584 | D:7      | Reached skill level 10 in Long Blades
  5752 | D:7      | Found a staircase to the Ecumenical Temple.
  5772 | Temple   | Entered the Ecumenical Temple
  5820 | Temple   | Became a worshipper of Yredelemnul the Dark
  6053 | D:7      | Found a bloodstained altar of Trog.
  6108 | D:7      | Found an ornate altar of the Wu Jian Council.
  6242 | D:7      | Found Fonot's Food Shop.
  6628 | D:8      | Noticed a two-headed ogre
  6635 | D:8      | Killed a two-headed ogre
  6635 | D:8      | Reached skill level 11 in Long Blades
  6635 | D:8      | Reached skill level 1 in Invocations
  6747 | D:8      | Noticed Pikel
  6757 | D:8      | Killed Pikel
  6757 | D:8      | Reached XP level 10. HP: 57/90 MP: 10/10
  6909 | D:8      | Found a glowing silver altar of Zin.
  6982 | D:8      | Reached skill level 12 in Long Blades
  7128 | D:9      | Noticed a death yak
  7143 | D:9      | Killed a death yak
  7143 | D:9      | Reached * piety under Yredelemnul
  7154 | D:9      | Found a staircase to the Lair.
  7155 | D:9      | Noticed a death yak
  7156 | D:9      | Noticed a death yak
  7168 | D:9      | Killed a death yak
  7179 | D:8      | HP: 2/91 [death yak (6)]
  7180 | D:8      | Demolished by a death yak

Levels and vault maps discovered:
D:1:      minmay_arrival_stair_chambers, layout_basic, minmay_misc_feat_rows,
          chequers_serial_rivers_room_a
D:2:      layout_loops_ring, lemuel_crystal_altar, uniq_terence
D:3:      layout_basic, serial_bayou, serial_bayou_lake_a, serial_bayou_pond_a,
          serial_bayou_lagoon_a, serial_bayou_pond_b
D:4:      layout_basic, gammafunk_ghost_grave, uniq_duvessa
D:5:      layout_loops_ring, slow_altar_2, serial_shops, shop, first_ration,
          sigmund_edmund_badplayer
D:6:      layout_rooms, fedhas_altar_2, dancing_weapons_uskayaw
D:7:      layout_basic, marbit_many_paths, lightli_temple_of_fire, bloody_trog,
          minmay_temple_entry_junction, serial_shops, nicolae_shop_crystal
D:8:      layout_cave_pools, old_standard_altar, uniq_pikel
D:9:      layout_roguey, lemuel_blue_sif_altar, amethyst_overflow_temple_binary,
          dpeg_lair_monsters, uniq_harold
Temple:   minmay_temple_curvy_loop

Skill      XL: |  1  2  3  4  5  6  7  8  9 10 |
---------------+-------------------------------+-----
Fighting       | 4 5 6 7 8 9 |  9.2
Armour         | 4 5 6 7 8 9 |  9.6
Long Blades    | 3 4 6 7 9 11 12 | 12.5
Dodging        | 1 2 3 |  3.6
Invocations    | 2 |  2.7
Shields        | |  3.9

Action                   |  1- 3 |  4- 6 |  7- 9 | 10-12 || total
-------------------------+-------+-------+-------+-------++-------
Melee: Long sword        |    72 |    70 |       |       ||   142
       Headbutt          |    10 |    22 |    39 |     9 ||    80
       Falchion          |       |    42 |   168 |    29 ||   239
  Use: Scroll            |     4 |     4 |     6 |     4 ||    18
       Potion            |     1 |     2 |       |       ||     3
  Eat: Chunk             |     1 |     7 |    11 |       ||    19
Armor: Scale mail        |    40 |    52 |    63 |     9 ||   164
       Skin              |       |     5 |       |       ||     5
Dodge: Dodged            |    49 |    67 |    90 |     4 ||   210
       Rpst.: Long sword |    14 |    10 |       |       ||    24
       Falchion          |       |     5 |    32 |     3 ||    40

Table legend:
 A = Non-vault XP
 B = Vault XP
 C = Vault XP percentage of total XP
 D = Non-vault monster count
 E = Vault monster count
 F = Vault count percentage of total count
                 A         B        C        D         E       F
            +---------+---------+-------+---------+---------+-------
      Total |    4234 |    3523 |  45.4 |     142 |      17 |  10.7
            +---------+---------+-------+---------+---------+-------
        D:1 |      20 |       0 |   0.0 |      13 |       0 |   0.0
        D:2 |      83 |      36 |  30.3 |      29 |       1 |   3.3
        D:3 |      45 |      21 |  31.8 |      14 |       4 |  22.2
        D:4 |     285 |     520 |  64.6 |      16 |       3 |  15.8
        D:5 |     406 |     414 |  50.5 |      16 |       3 |  15.8
        D:6 |     724 |       0 |   0.0 |      24 |       0 |   0.0
        D:7 |    1145 |     133 |  10.4 |      23 |       1 |   4.2
        D:8 |    1369 |     685 |  33.3 |       5 |       1 |  16.7
        D:9 |     157 |    1714 |  91.6 |       2 |       4 |  66.7
            +---------+---------+-------+---------+---------+-------
